 Dungeon Crawl Stone Soup version 0.26-a0-540-g8a0c9464d7 (webtiles) character file.

Game seed: 17366214961243688770

217 BeastOfSaturn the Slasher (level 5, -1/61 HPs)
             Began as a Demonspawn Warper on Aug 15, 2020.
             Slain by an orc warrior
             ... wielding a +1 short sword of draining
              (6 damage)
             ... on level 4 of the Dungeon.
             The game lasted 00:07:14 (4062 turns).

BeastOfSaturn the Slasher (Demonspawn Warper)       Turns: 4062, Time: 00:07:14

Health: -1/61      AC: 22    Str: 13    XL:     5   Next: 61%
Magic:  0/8        EV:  2    Int: 14    God:
Gold:   120        SH:  0    Dex: 12    Spells: 4/9 levels left

rFire    . . .     SeeInvis .   a - +0 falchion (flame)
rCold    + . .     Faith    .   (no shield)
rNeg     + + +     Spirit   +   (armour currently unavailable)
rPois    +         Reflect  .   (helmet currently unavailable)
rElec    .         Harm     .   (cloak currently unavailable)
rCorr    .         NoTele   +   (gloves currently unavailable)
MR       .....                  (boots currently unavailable)
Stlth    +.........             (no amulet)
HPRegen  0.20/turn              i - ring of protection from cold
MPRegen  0.11/turn              j - +4 ring of evasion

@: tree-form, lightly drained
A: magic shield
a: no special abilities


You were on level 4 of the Dungeon.
You were a tree.
You visited 1 branch of the dungeon, and saw 4 of its levels.

You collected 120 gold pieces.

Inventory:

Hand Weapons
 a - a +0 falchion of flaming (weapon)
Missiles
 e - 4 boomerangs of dispersal (quivered)
Armour
 b - a +0 leather armour (melded)
 h - a +0 pair of gloves (melded)
 l - a +0 helmet (melded)
Jewellery
 i - a ring of protection from cold (left branch)
 j - a +4 ring of evasion (right branch)
 s - a cursed ring of attention {unknown}
 w - an uncursed amulet of faith
Wands
 v - a wand of random effects (24)
Scrolls
 d - a scroll of blinking
 g - a scroll of identify
 n - a scroll of teleportation
 o - a scroll of amnesia
Potions
 c - a potion of haste
 f - 2 potions of resistance
 m - a potion of magic


   Skills:
 * Level 3.2(2.8) Fighting
 * Level 4.1(3.7) Long Blades
 - Level 0.8(0.5) Throwing
 - Level 1.0(0.6) Armour
 - Level 2.0(1.6) Dodging
 * Level 2.6(2.3) Spellcasting
 * Level 3.1(2.8) Translocations


You had 4 spell levels left.
You knew the following spells:

 Your Spells              Type           Power        Failure   Level
a - Blink                 Tloc           N/A          11%         2
b - Teleport Other        Tloc           #.......     22%         3

Your spell library contained the following spells:

 Spells                   Type           Power        Failure   Level
 Gell's Gravitas          Tloc           #.........   22%         3
 Lesser Beckoning         Tloc           #.........   22%         3
 Passage of Golubria      Tloc           N/A          58%         4


Dungeon Overview and Level Annotations

Branches:
Dungeon (4/15)
 Temple: D:4-7

Altars:
Okawaru


Innate Abilities, Weirdness & Mutations

((You are mostly covered in thin metallic scales. (AC +3)))
When hurt, damage is shared between your health and your magic reserves.


Message History

Here: an orc warrior, wielding a +1 short sword of draining and wearing a +0 chain mail (severely wounded)
The floor, spattered with blood.
Okay, then.
Okay, then.
Casting: Blink (safe; 14% risk of failure)
Confirm with . or Enter, or press ? or * to list all spells.
You don't have enough magic to cast that spell.
Really quaff the potion of lignification?
You turn into a tree.
Your +0 helmet melds into your body.
Your +0 pair of gloves melds into your body.
Your +0 leather armour melds into your body.
Your roots penetrate the ground.
The orc warrior hits you but does no damage.
You hit the orc warrior. You burn the orc warrior.
The orc warrior is almost dead.
The orc warrior barely misses you.
You hit the orc warrior but do no damage.
The orc warrior is almost dead.
The orc warrior hits you with a +1 short sword of draining!
You die...

## #. #. .##
######.###.#.#
#<.♣oo........
######.#####.#
#...........
##o#.######.
#.#.###....
#.#o{.....o
#...o..oo..
#.######.##
#.# #


You could see an orc warrior and an orc.

Vanquished Creatures
  A scorpion (D:4)
  Robin (D:2)
  6 adders
  2 oozes
  2 dart slugs
  3 leopard geckos
  3 orcs
  7 bats
  16 goblins
  14 hobgoblins
  3 jackals (D:3)
  13 kobolds
  2 quokkas
  2 frilled lizards
  6 rats
81 creatures vanquished.

Notes
Turn   | Place    | Note
-------+----------+-------------------------------------------
     0 | D:1      | BeastOfSaturn the Demonspawn Warper began the quest for the
                  | Orb.
     0 | D:1      | Reached XP level 1. HP: 16/16 MP: 3/3
   151 | D:1      | Reached skill level 1 in Armour
   342 | D:1      | Reached skill level 2 in Long Blades
   510 | D:1      | Gained mutation: When hurt, damage is shared between your
                  | health and your magic reserves. [demonic ancestry]
   510 | D:1      | Reached XP level 2. HP: 12/22 MP: 5/5
   707 | D:1      | Learned a level 2 spell: Blink
  1307 | D:2      | Gained mutation: You are partially covered in thin metallic
                  | scales. (AC +2) [demonic ancestry]
  1307 | D:2      | Reached XP level 3. HP: 28/28 MP: 6/6
  2561 | D:3      | Noticed Robin
  2586 | D:2      | Gained mutation: You are mostly covered in thin metallic
                  | scales. (AC +3) [demonic ancestry]
  2586 | D:2      | Reached XP level 4. HP: 13/34 MP: 3/7
  2591 | D:2      | Killed Robin
  2591 | D:2      | Reached skill level 3 in Long Blades
  3168 | D:3      | Learned a level 3 spell: Teleport Other
  3242 | D:3      | Reached XP level 5. HP: 39/41 MP: 8/8
  3471 | D:3      | Found an iron altar of Okawaru.
  3998 | D:4      | Noticed an orc warrior
  4033 | D:4      | Reached skill level 4 in Long Blades
  4062 | D:4      | Slain by an orc warrior

Illustrated notes

Levels and vault maps discovered:
D:1:      dpeg_arrival_windows_large_door, layout_basic
D:2:      layout_basic
D:3:      minmay_recursive_quarters, layout_loops_ring,
          okawaru_metal_pillars_1_2, serial_forest, infiniplex_forest_corner_2,
          infiniplex_forest_clump_curved, infiniplex_forest_lined_2,
          infiniplex_forest_lined_3, infiniplex_forest_lined_room_3,
          infiniplex_forest_lined_3, minmay_bisected, uniq_robin
D:4:      layout_basic, hellmonk_ghost_happy_afterlife

Skill      XL: |  1  2  3  4  5 |
---------------+----------------+-----
Armour         | 1 |  1.0
Dodging        | 2 |  2.0
Long Blades    | 2 3 4 |  4.1
Fighting       | 3 |  3.2
Translocations | 3 |  3.1
Throwing       | |  0.8
Spellcasting   | |  2.6

Action                   |  1- 3 |  4- 6 || total
-------------------------+-------+-------++-------
Melee: Falchion          |   164 |   155 ||   319
Throw: Boomerang         |       |     1 ||     1
  Use: Scroll            |     4 |     8 ||    12
       Potion            |       |     3 ||     3
 Stab: Sleeping          |     1 |       ||     1
Armor: Leather armour    |    56 |    35 ||    91
       Skin              |       |    18 ||    18
Dodge: Dodged            |   136 |   143 ||   279
       Rpst.: Falchion   |    39 |    46 ||    85

Table legend: (Time is in decaauts)
 A = Elapsed time spent in this place.
 B = Non-inter-level travel time spent in this place.
 C = Inter-level travel time spent in this place.
 D = Time resting spent in this place.
 E = Time spent auto-exploring this place.
 F = Levels seen in this place.
 G = Mean time per level.
                   A        B        C        D        E       F      G
               +--------+--------+--------+--------+--------+-----+--------+
         Total |   4123 |   4018 |    105 |    815 |   2486 |   4 | 1030.8 |
       Dungeon |   4123 |   4018 |    105 |    815 |   2486 |   4 | 1030.8 |
               +--------+--------+--------+--------+--------+-----+--------+

Top non-repeatable levels by time:
     D:2: 1550 daAuts
     D:1: 1292 daAuts
     D:3: 1170 daAuts
     D:4: 110 daAuts
